 Dungeon Crawl Stone Soup version 0.28.0 (webtiles) character file.

Game seed: 14005774956306112877

1141 fragbeetle the Chopper (level 8, -2/61 HPs)
             Began as a Ghoul Gladiator on Feb 8, 2022.
             Was a Follower of Uskayaw.
             Slain by Maggie (7 damage)
             ... on level 6 of the Dungeon.
             The game lasted 00:10:31 (6489 turns).

fragbeetle the Chopper (Ghoul Gladiator)            Turns: 6489, Time: 00:10:32

Health: -2/61      AC: 13    Str: 20    XL:     8   Next: 37%
Magic:  7/7        EV: 12    Int:  7    God:    Uskayaw [*.....]
Gold:   250        SH:  5    Dex: 15    Spells: 7/7 levels left

rFire   . . .      SeeInvis +   a - +0 war axe
rCold   + . .      Faith    .   p - +0 buckler
rNeg    + + +      Spirit   .   k - +6 ring mail of Untold Secrets {Int+4 Dex+5 SInv}
rPois   ∞          Reflect  .   n - +0 helmet
rElec   .          Harm     .   (no cloak)
rCorr   .          Rampage  .   (no gloves)
Will    .....                   h - +0 pair of boots
Stlth   +.........              (no amulet)
HPRegen 0.00/turn               (no ring)
MPRegen 0.10/turn               (no ring)

@: inhibited regen
A: claws 1, cold resistance 1, negative energy resistance 3, inhibited
regeneration, torment resistance 2
a: Renounce Religion, Stomp


You were on level 6 of the Dungeon.
You worshipped Uskayaw.
Uskayaw was noncommittal.
You visited 2 branches of the dungeon, and saw 7 of its levels.
You also visited: Sewer.

You collected 250 gold pieces.

Inventory:

Hand Weapons
 a - a +0 war axe (weapon)
 c - a +2 mace of protection
Missiles
 d - 3 throwing nets (quivered)
 o - 4 poisoned darts
Armour
 h - a +0 pair of boots (worn)
 k - the +6 ring mail of Untold Secrets (worn) {Int+4 Dex+5 SInv}
   (You found it on level 2 of the Dungeon)

   Int:       It affects your intelligence (+4).
   Dex:       It affects your dexterity (+5).
   SInv:      It lets you see invisible.
 n - a +0 helmet (worn)
 p - a +0 buckler (worn)
Scrolls
 b - 5 scrolls of identify {unknown}
 i - 2 scrolls of enchant armour {unknown}
 m - 2 scrolls of amnesia {unknown}
Potions
 e - a potion of curing {unknown}
 f - 2 potions of flight {unknown}
 g - a potion of brilliance {unknown}
 j - a potion of might
 l - 3 potions of mutation {unknown}
 q - 2 potions of magic {unknown}
 r - a potion of resistance {unknown}


   Skills:
 - Level 2.1 Fighting
 * Level 7.8 Axes
 - Level 1.7 Throwing
 - Level 4.2 Dodging
 + Level 3.5 Shields


You had 7 spell levels left.
You didn't know any spells.
Your spell library contained the following spells:

 Spells                   Type           Power      Damage    Failure   Level
 Summon Guardian Golem    Hex/Summ       0%         N/A       97%         3
 Orb of Destruction       Conj           0%         9d5       100%        7
 Spellforged Servitor     Conj/Summ      0%         N/A       100%        7


Dungeon Overview and Level Annotations

Branches:
Dungeon (6/15)             Temple (1/1) D:4           Sewer (visited)

Altars:
Cheibriados
Fedhas
Hepliaklqana
Makhleb
Okawaru
Qazlal
Ru
Trog
Uskayaw
Vehumet
Wu Jian
Xom
Yredelemnul
Zin

Shops:
D:2 =   D:3 [

Annotations:
D:3 1 runed translucent door, Crazy Yiuf
D:5 Grinder, Prince Ribbit
D:6 Maggie


Innate Abilities, Weirdness & Mutations

You thrive by killing the living.
You are immune to poison.
You have sharp fingernails.
Your flesh is cold resistant. (rC+)
You are immune to negative energy. (rN+++)
You do not regenerate when monsters are visible.
You are immune to unholy pain and torment.


Message History

You closely miss Maggie.
Maggie is lightly wounded.
Maggie barely misses you.
You hit Maggie but do no damage.
Maggie is lightly wounded.
Maggie hits you but does no damage.
Maggie gestures wildly while chanting.
Maggie attempts to bespell you!
You are mesmerised by Maggie!
You barely miss Maggie.
Maggie is lightly wounded.
You block Maggie's attack.
You barely miss Maggie.
Maggie is lightly wounded.
Maggie hits you with a +0 scimitar of flaming.
Maggie burns you.
You hit Maggie.
Maggie is lightly wounded.
Maggie hits you with a +0 scimitar of flaming!
Maggie burns you.
You hit Maggie.
Maggie is lightly wounded.
Maggie hits you with a +0 scimitar of flaming.
* * * LOW HITPOINT WARNING * * *
Maggie burns you.
* * * LOW HITPOINT WARNING * * *
You slash Maggie!
Maggie is moderately wounded.
You block Maggie's attack.
You hit Maggie.
Maggie is moderately wounded.
Maggie hits you with a +0 scimitar of flaming.
* * * LOW HITPOINT WARNING * * *
Maggie burns you.
* * * LOW HITPOINT WARNING * * *
You closely miss Maggie.
Maggie is moderately wounded.
You break out of your daze.
Maggie hits you with a +0 scimitar of flaming!
You die...

##### ####...##
.##.....## .........##
### ##### ..........#
#.# #....
..........##.###.#####.#
##.#.
..........##..?..@.....#
#... .........##
#@####### #####
.##.....########........
.....
.###...##.........######
#####
.####.............#
..........#####.###
#########.# #.# #.# #.#
#.# #.# #.# #.#


You could see Maggie.

Vanquished Creatures
  Menkaure (D:4)
  A necrophage (D:4)
  A centaur (D:5)
  A phantom (D:6)
  A wyvern skeleton (D:5)
  A howler monkey (D:4)
  A bullfrog zombie (D:5)
  5 jellies
  2 hounds
  A centaur skeleton (D:6)
  2 orc priests (D:4)
  Natasha (thrice) (D:2)
  2 orc wizards (D:4)
  A hound skeleton (D:4)
  Robin (D:3)
  A gnoll (D:5)
  5 adders
  A howler monkey skeleton (D:4)
  An ufetubus (D:5)
  4 worms
  2 dart slugs
  14 orcs
  13 endoplasms
  6 giant cockroaches
  20 goblins
  6 hobgoblins
  6 jackals
  9 kobolds
  A quokka (D:4)
  11 ball pythons
  9 bats
  6 frilled lizards
  A quokka skeleton (D:4)
  17 rats
157 creatures vanquished.

Notes
Turn   | Place    | Note
-------+----------+-------------------------------------------
     0 | D:1      | fragbeetle the Ghoul Gladiator began the quest for the Orb.
     0 | D:1      | Reached XP level 1. HP: 17/17 MP: 0/0
    72 | D:1      | Reached skill level 3 in Axes
    74 | D:1      | Reached XP level 2. HP: 22/24 MP: 1/1
   517 | D:1      | Reached XP level 3. HP: 29/29 MP: 2/2
  1172 | D:2      | Found Zagiwyxi's Jewellery Shop.
  1449 | D:2      | Identified the +6 ring mail of Untold Secrets {Int+4 Dex+5
                  | SInv}
  1664 | D:2      | You fall into a shaft and drop 1 floor!
  1727 | D:3      | Found Ifium's Antique Armour Emporium.
  2107 | D:3      | Noticed Natasha
  2116 | D:2      | Killed Natasha
  2117 | D:2      | Reached skill level 4 in Axes
  2117 | D:2      | Reached XP level 4. HP: 34/36 MP: 3/3
  2137 | D:2      | Found Zagiwyxi's Jewellery Shop.
  2647 | D:2      | Noticed Natasha
  2655 | D:2      | Killed Natasha
  2667 | D:2      | Noticed Natasha
  2682 | D:2      | Killed Natasha
  2683 | D:2      | Reached XP level 5. HP: 20/41 MP: 4/4
  3135 | D:3      | Noticed Robin
  3152 | D:3      | Killed Robin
  3213 | D:3      | Found a runed translucent door.
  3214 | D:3      | Noticed Crazy Yiuf
  3956 | D:4      | Reached skill level 5 in Axes
  3982 | D:4      | Noticed a necrophage
  3993 | D:4      | Killed a necrophage
  3994 | D:4      | Reached XP level 6. HP: 47/48 MP: 5/5
  4182 | D:4      | HP: 1/48 [orc priest (6)]
  4188 | D:4      | Reached skill level 1 in Shields
  4492 | D:4      | Reached skill level 6 in Axes
  4492 | D:4      | Reached XP level 7. HP: 55/55 MP: 6/6
  4571 | D:4      | Found a staircase to the Ecumenical Temple.
  4582 | Temple   | Entered the Ecumenical Temple
  4677 | Temple   | Became a worshipper of Uskayaw the Reveller
  4696 | D:4      | Reached * piety under Uskayaw
  4878 | D:4      | Noticed Menkaure
  4881 | D:4      | Reached ** piety under Uskayaw
  4882 | D:4      | Killed Menkaure
  5051 | D:5      | Entered Level 5 of the Dungeon
  5248 | D:5      | Found a glowing drain.
  5259 | Sewer    | Entered a sewer
  5492 | Sewer    | Found a viscous altar of Jiyva.
  5506 | Sewer    | Reached skill level 7 in Axes
  5572 | Sewer    | Reached XP level 8. HP: 55/61 MP: 7/7
  5852 | D:5      | Noticed Prince Ribbit
  5884 | D:5      | HP: 3/61 [Prince Ribbit (11)]
  6186 | D:5      | Noticed Grinder
  6475 | D:6      | Noticed Maggie
  6489 | D:6      | Slain by Maggie

Illustrated notes

Levels and vault maps discovered:
D:1:      lightli_arrival_windingriver, layout_basic, minmay_pentomino_v4
D:2:      layout_basic, serial_shops, nicolae_square_shop,
          small_statue_intersection, nicolae_elevator_lobby_asterisk
D:3:      kennysheep_the_goblin_king, layout_loops_ring, serial_shops, shop,
          bh_walls_and_bars, uniq_robin, uniq_crazy_yiuf_cottage, uniq_natasha
D:4:      layout_gridville, temple_fountains, minmay_crystal_room, uniq_menkaure
D:5:      layout_cave_pools, serial_gnoll_camp, gnoll_camp_medium_01,
          gnoll_camp_mini_loothouse, gnoll_camp_huts_basic, gnoll_camp_mini_hut,
          gnoll_camp_mini_shop, gnoll_camp_mini_basic, gup_sewer_entry_bubbles,
          kennysheep_generic_room_3, uniq_grinder, uniq_prince_ribbit1
D:6:      layout_loops_ring, lemuel_coloured_pillars_altar,
          kennysheep_little_box, uniq_maggie
Temple:   nicolae_temple_great_sept

Skill      XL: |  1  2  3  4  5  6  7  8 |
---------------+-------------------------+-----
Axes           | 3 4 5 6 7 |  7.8
Dodging        | 3 4 |  4.2
Shields        | 1 2 3 |  3.5
Fighting       | |  2.1
Throwing       | |  1.7

Action                   |  1- 3 |  4- 6 |  7- 9 || total
-------------------------+-------+-------+-------++-------
Melee: War axe           |   115 |   120 |   183 ||   418
       Punch             |     1 |       |       ||     1
       Mace              |       |    45 |       ||    45
  Use: Potion            |       |     1 |       ||     1
 Stab: Sleeping          |     1 |       |       ||     1
Armor: Leather armour    |    44 |       |       ||    44
       Ring mail         |    15 |   109 |    73 ||   197
Dodge: Dodged            |    82 |   133 |   117 ||   332
Block: Buckler           |    11 |    29 |    50 ||    90
